 Dungeon Crawl Stone Soup version 0.30-a0-123-g91d0c66ccf (webtiles) character file.

Game seed: 16044182780902324930

28695 Pooter the Cleaver (level 13, -10/174 HPs)
             Began as a Minotaur Berserker on Sept 17, 2022.
             Was a Priest of Trog.
             Mangled by Sonja
             ... wielding a +2 dagger of distortion
              (15 damage)
             ... on level 3 of the Lair of Beasts on Sept 18, 2022.
             The game lasted 01:26:34 (20494 turns).

Pooter the Cleaver (Minotaur Berserker)            Turns: 20494, Time: 01:26:35

Health: -10/174    AC: 13    Str: 26    XL:     13   Next: 11%
Magic:  10/10      EV: 11    Int:  3    God:    Trog [***...]
Gold:   341        SH:  0    Dex: 14    Spells: 12/12 levels left

rFire   . . .      SeeInvis .    a - +4 battleaxe (elec)
rCold   + . .      Faith    .    (shield currently unavailable)
rNeg    . . .      Spirit   .    s - +2 scale mail {rC+}
rPois   +          Reflect  .    (helmet unavailable)
rElec   .          Harm     .    w - +1 cloak
rCorr   .          Rampage  .    x - +0 pair of gloves
Will    +....                    e - +1 pair of boots
Stlth   ..........               (no amulet)
HPRegen 0.39/turn                P - ring of poison resistance
MPRegen 0.12/turn                I - ring of willpower

@: berserking, very quick
A: horns 3, retaliatory headbutt, agile 1, low MP 1, no potion heal 1
a: Renounce Religion, Berserk, Trog's Hand


You were on level 3 of the Lair of Beasts.
You worshipped Trog.
Trog was most pleased with you.
You visited 2 branches of the dungeon, and saw 14 of its levels.
You also visited: Ossuary.

You collected 782 gold pieces.
You spent 441 gold pieces at shops.

Inventory:

Hand Weapons
 a - a +4 battleaxe of electrocution (weapon)
   (You took it off Rupert on level 3 of the Lair of Beasts)
 b - a +0 shortbow
   (You took it off a centaur on level 9 of the Dungeon)
 n - a +0 trident
   (You found it on level 3 of the Dungeon)
 r - the +6 spear of Terra Cotta {pain, rElec rPois Will- SInv}
   (You found it on level 1 of the Lair of Beasts)

   In the hands of one skilled in necromantic magic, it inflicts extra damage on
   living creatures.
   rElec:     It insulates you from electricity.
   rPois:     It protects you from poison.
   SInv:      It lets you see invisible.
   Will:      It decreases your willpower.
   Trog disapproves of the use of such an item.
 D - a +4 war axe
   (You found it on level 2 of the Dungeon)
 N - a +0 sling
   (You found it on level 1 of the Dungeon)
Missiles
 h - 2 atropa-tipped darts
 l - 24 poisoned darts (quivered)
 m - 2 boomerangs of dispersal {!f}
 q - a boomerang
 v - a curare-tipped dart
 F - 9 javelins
 Q - 142 stones
Armour
 e - a +1 pair of boots (worn)
   (You found it on level 1 of the Dungeon)
 g - a +0 buckler
   (You found it on level 1 of the Dungeon)
 s - a +2 scale mail of cold resistance (worn)
   (You found it on level 3 of the Dungeon)
 w - a +1 cloak (worn)
   (You found it on level 3 of the Dungeon)
 x - a +0 pair of gloves (worn)
   (You found it on level 1 of the Dungeon)
 y - a +0 chain mail
   (You took it off an orc on level 4 of the Dungeon)
 B - a scarf of shadows
   (You found it on level 6 of the Dungeon)
 G - the +2 ring mail "Yrerhoiv" {rPois rN+}
   (You found it on level 2 of the Dungeon)

   rPois:     It protects you from poison.
   rN:        It protects you from negative energy.
Jewellery
 p - a +4 ring of protection
   (You found it on level 3 of the Lair of Beasts)
 C - a ring of resist corrosion
   (You found it on level 7 of the Dungeon)
 I - a ring of willpower (right hand)
   (You found it in an ossuary)
 P - a ring of poison resistance (left hand)
   (You found it on level 1 of the Dungeon)
Wands
 d - a wand of iceblast (9)
   (You found it on level 5 of the Dungeon)
 f - a wand of flame (2)
   (You found it on level 3 of the Lair of Beasts)
Scrolls
 i - a scroll of immolation {!r}
 t - 6 scrolls of teleportation {@r4}
 u - 3 scrolls of summoning
 E - 2 scrolls of fear
 R - a scroll of magic mapping
Potions
 c - a potion of attraction {!q}
 j - 2 potions of flight
 k - 7 potions of heal wounds {@q2}
 o - 4 potions of ambrosia
 z - 11 potions of curing {@q1}
 A - a potion of cancellation {unknown}
 H - a potion of berserk rage {unknown}
 J - 2 potions of resistance
 K - 2 potions of haste {@q3}
 L - a potion of lignification {!q}
 O - 2 potions of might
 S - a potion of invisibility


   Skills:
 + Level 11.4 Fighting
 * Level 14.9 Axes
 * Level 13.3 Ranged Weapons
 - Level 2.4 Armour
 - Level 2.1 Dodging
 - Level 7.0 Stealth
 + Level 7.5 Evocations


You had 12 spell levels left.
You didn't know any spells.
Your spell library was empty.

Dungeon Overview and Level Annotations

Branches:
Dungeon (10/15)            Temple (0/1) D:4            Lair (4/5) D:8
 Shoals (0/4) Lair:3       Spider (0/4) Lair:2      Ossuary (visited)
  Slime: Lair:4-5       Orc: D:9-12

Altars:
Ashenzari
Cheibriados
Dithmenos
Fedhas
Gozag
Kikubaaqudgha
Makhleb
Nemelex Xobeh
Trog
Uskayaw
Vehumet
Wu Jian
Yredelemnul
The Shining One

Shops:
D:10 *

Annotations:
Lair:2 1 runed translucent door, exclusion: ice statue, Faocaxoob's ghost, journeyman MiBe
Lair:3 Sonja


Innate Abilities, Weirdness & Mutations

You have a pair of large horns on your head.
You reflexively headbutt those who attack you in melee.
You are agile. (Dex +4, Str/Int -1)
Your magical capacity is low. (-10% MP)
Potions are less effective at restoring your health.


Message History

You feel your anger nearly subside.
You are no longer berserk.
You are exhausted.
You feel yourself slow down.
You start resting.
You feel yourself speed up.
You start resting.
You start waiting.
You recover from your berserk rage.
You climb downwards.
Level annotation: Sonja The death yak bellows!
The blink frog blinks!
Sonja says, "The Royal Ballet doesn't accept kobolds.
That's why I went into killing people."
The death yak barely misses you. The death yak closely misses you.
You furiously retaliate!
You headbutt the death yak! The death yak closely misses you.
There is a stone staircase leading up, spattered with blood here.
Sonja hits you but does no damage. x2; Space warps around you.
Sonja misses you.
The death yak gores you but does no damage. x2
The death yak gores you!!
You climb upwards.
There is a stone staircase leading down, spattered with blood here.
A red film seems to cover your vision as you go berserk!
You feel yourself moving faster!
You feel mighty! Sonja hits you but does no damage. Space warps around you.
Sonja hits you but does no damage. Space warps around you.
Sonja closely misses you. The death yak gores you!
The death yak barely misses you. The death yak gores you!
Sonja hits you with a +2 dagger of distortion.
Space warps horribly around you!
* * * LOW HITPOINT WARNING * * *
Sonja hits you but does no damage. Space warps horribly around you!
* * * LOW HITPOINT WARNING * * *
Sonja hits you but does no damage. Space warps horribly around you!
* * * LOW HITPOINT WARNING * * *
You slice Sonja!! You slash the death yak! You slice the death yak!!
You slash the death yak! The death yak barely misses you.
The death yak gores you!!
* * * LOW HITPOINT WARNING * * *
The death yak gores you but does no damage.
Sonja twirls her cape.
Sonja hits you but does no damage. Space warps horribly around you!!
* * * LOW HITPOINT WARNING * * *
Sonja hits you with a +2 dagger of distortion.
* * * LOW HITPOINT WARNING * * *
Space warps horribly around you!
You die...

###### ##### ########.##P#
.##P###...........### ### ####
....P#.............P## #.###...
.....................#####.......
...........................##.#..
.##.........................#####
##..##.#.......K.Y..........## ##
##..###........@....P.......# #.
##P...##........YY.........### #.
.......#.................### ##
.......#...).............# ####
.....................#...#####.##
.........[...........#...#.P..##.
.......†>............#...........
.......................#.#...P...
.....................P.###...#.P.


You could see 3 death yaks and Sonja (empowered).

Vanquished Creatures
  Rupert (Lair:3)
  Josephine (Lair:3)
  A hydra (Lair:3)
  The ghost of porpoise the Skirmisher, a journeyman KoHs of Fedhas (Lair:1)
  2 death yaks (Lair:3)
  Nergalle (Lair:3)
  An ugly thing (D:10)
  10 elephants
  2 merfolk sirens (Lair:3)
  A gargoyle (D:10)
  3 cane toads
  A black mamba (Lair:2)
  Maggie (D:7)
  2 kobold demonologists (D:10)
  3 rime drakes
  A freezing wraith (Lair:2)
  7 komodo dragons
  3 trolls
  A polar bear (Lair:2)
  A slime creature (D:10)
  A merfolk (Lair:3)
  4 blink frogs
  A jumping spider (Lair:2)
  2 culicivoras (Lair:2)
  5 wraiths (Lair:3)
  20 yaks
  A wyvern (Lair:2)
  A basilisk (Lair:1)
  A vampire mosquito (D:10)
  4 redbacks (Lair:2)
  An acid dragon (D:10)
  14 water moccasins
  3 hornet zombies (Ossuary)
  Duvessa (D:7)
  A black bear (D:7)
  An orc warrior (D:7)
  2 sky beasts
  An ogre (D:5)
  6 ice beasts
  9 wolves
  4 centaurs
  5 kobold brigands (D:10)
  7 bullfrogs
  3 scorpions
  3 necrophages
  2 water moccasin zombies (Ossuary)
  3 wights (D:9)
  Dowan (D:7)
  9 killer bees
  An electric eel (D:10)
  The ghost of SigmundSlayer the Chiller, a weakling DsIE (D:3)
  A howler monkey (D:7)
  A crimson imp (D:3)
  5 centaur zombies (Ossuary)
  7 bullfrog zombies (Ossuary)
  3 hounds
  3 jellies
  Crazy Yiuf (D:7)
  A gnoll bouda (D:5)
  An orc priest (D:7)
  6 orc wizards
  6 iguanas
  A killer bee zombie (Ossuary)
  14 mummies (Ossuary)
  4 howler monkey zombies (Ossuary)
  6 adders
  6 gnolls
  6 white imps
  5 worms
  3 dart slugs
  31 orcs
  6 ball pythons
  3 bats
  4 endoplasms
  5 giant cockroaches
  7 goblins
  6 hobgoblins
  9 kobolds
  3 quokkas
  3 frilled lizards
  4 rats
323 creatures vanquished.

Vanquished Creatures (others)
  A sky beast (D:7)
  18 fungi
  29 plants
  4 withered plants (Ossuary)
52 creatures vanquished.

Grand Total: 375 creatures vanquished

Notes
Turn   | Place    | Note
-------+----------+-------------------------------------------
     0 | D:1      | Pooter the Minotaur Berserker began the quest for the Orb.
     0 | D:1      | Reached XP level 1. HP: 19/19 MP: 0/0
   376 | D:1      | Reached XP level 2. HP: 19/27 MP: 1/1
  1130 | D:2      | Reached skill level 1 in Ranged Weapons
  1130 | D:2      | Reached skill level 1 in Stealth
  1130 | D:2      | Reached XP level 3. HP: 33/33 MP: 2/2
  1154 | D:2      | Reached skill level 4 in Axes
  1157 | D:2      | Reached ** piety under Trog
  1453 | D:2      | Identified the +2 ring mail "Yrerhoiv" {rPois rN+}
  1846 | D:2      | Found a faded altar of an unknown god.
  2053 | D:3      | Reached XP level 4. HP: 40/41 MP: 3/3
  2113 | D:3      | Found a runed translucent door.
  2135 | D:3      | Noticed SigmundSlayer's ghost (weakling DsIE)
  2141 | D:3      | Killed SigmundSlayer's ghost
  2484 | D:3      | Found a burning altar of Makhleb.
  2484 | D:3      | Found a radiant altar of Vehumet.
  2489 | D:3      | Reached XP level 5. HP: 47/47 MP: 4/4
  2565 | D:4      | Reached skill level 5 in Axes
  2599 | D:4      | Reached skill level 5 in Fighting
  2636 | D:4      | Reached XP level 6. HP: 56/56 MP: 5/5
  2641 | D:4      | Found a staircase to the Ecumenical Temple.
  2861 | D:4      | Found a bloodstained altar of Trog.
  2881 | D:4      | Reached *** piety under Trog
  2889 | D:4      | Found an opulent altar of Gozag.
  2890 | D:4      | Found an ancient bone altar of Kikubaaqudgha.
  2891 | D:4      | Found a shadowy altar of Dithmenos.
  2891 | D:4      | Found a basalt altar of Yredelemnul.
  2891 | D:4      | Found a hide-covered altar of Uskayaw.
  2891 | D:4      | Found an ornate altar of the Wu Jian Council.
  2892 | D:4      | Found a snail-covered altar of Cheibriados.
  2893 | D:4      | Found a blossoming altar of Fedhas.
  2894 | D:4      | Found a sparkling altar of Nemelex Xobeh.
  2895 | D:4      | Found a glowing golden altar of the Shining One.
  2896 | D:4      | Found a broken altar of Ashenzari.
  3408 | D:5      | Entered Level 5 of the Dungeon
  3602 | D:5      | Reached skill level 6 in Axes
  3602 | D:5      | Reached XP level 7. HP: 56/61 MP: 6/6
  3896 | D:5      | Found the +6 lightning scales {swift, rElec}
  3927 | D:5      | Reached skill level 1 in Evocations
  4411 | D:6      | Reached skill level 5 in Ranged Weapons
  4542 | D:6      | Reached skill level 7 in Axes
  4542 | D:6      | Reached XP level 8. HP: 66/70 MP: 7/7
  5776 | D:7      | Found a sand-covered staircase.
  5776 | D:7      | Noticed Duvessa
  5783 | Ossuary  | Entered an ossuary
  5945 | Ossuary  | Reached skill level 8 in Axes
  6110 | Ossuary  | Reached XP level 9. HP: 78/78 MP: 8/8
  6516 | D:7      | Killed Duvessa
  6517 | D:7      | Reached skill level 9 in Axes
  6634 | D:7      | Noticed Maggie
  6643 | D:7      | Killed Maggie
  6674 | D:7      | Noticed Dowan
  6678 | D:7      | Killed Dowan
  7478 | D:7      | Found a runed translucent door.
  7479 | D:7      | Noticed Crazy Yiuf
  7717 | D:7      | Killed Crazy Yiuf
  8016 | D:8      | Found a staircase to the Lair.
  8782 | D:8      | Reached XP level 10. HP: 88/88 MP: 9/9
  8784 | D:8      | Reached skill level 10 in Axes
  9007 | D:8      | Reached skill level 5 in Stealth
 10223 | D:10     | Entered Level 10 of the Dungeon
 10434 | D:9      | Reached skill level 11 in Axes
 10829 | D:10     | Reached skill level 5 in Evocations
 11300 | D:10     | Noticed a gargoyle
 11331 | D:10     | Reached XP level 11. HP: 78/95 MP: 10/10
 11334 | D:10     | Reached skill level 10 in Ranged Weapons
 12169 | D:10     | Found Rutudupn's General Store.
 12173 | D:10     | Noticed a brown ugly thing
 12182 | D:10     | Killed a brown ugly thing
 12230 | D:10     | Bought a scroll of identify for 28 gold pieces
 12230 | D:10     | Bought a scroll of identify for 28 gold pieces
 12230 | D:10     | Bought a scroll of magic mapping for 105 gold pieces
 12230 | D:10     | Bought 2 potions of haste for 280 gold pieces
 12581 | Lair:1   | Entered Level 1 of the Lair of Beasts
 12628 | Lair:1   | Reached skill level 12 in Axes
 13619 | Lair:1   | Found a runed translucent gate.
 13619 | Lair:1   | Found a runed translucent gate.
 13620 | Lair:1   | Found a runed translucent gate.
 13623 | Lair:1   | Noticed porpoise's ghost (journeyman KoHs)
 13649 | Lair:1   | Killed porpoise's ghost
 13752 | Lair:1   | Identified the +6 spear of Terra Cotta {pain, rElec rPois
                  | Will- SInv}
 14380 | Lair:2   | Reached skill level 10 in Fighting
 14471 | Lair:2   | Reached skill level 13 in Axes
 14607 | Lair:2   | Reached XP level 12. HP: 106/106 MP: 11/11
 15866 | Lair:2   | Found a hole to the Spider Nest.
 16858 | Lair:2   | Found a runed translucent door.
 16873 | Lair:2   | Identified the +5 spear of Prudence {distort, *Slow rC++
                  | rN+}
 16875 | Lair:2   | Noticed Faocaxoob's ghost (journeyman MiBe)
 17710 | Lair:3   | Noticed Nergalle
 18203 | Lair:3   | Killed Nergalle
 18204 | Lair:3   | Reached skill level 14 in Axes
 18274 | Lair:3   | Noticed Rupert
 18283 | Lair:3   | Killed Rupert
 18648 | Lair:3   | Gained mutation: You are vulnerable to heat. (rF-) [potion
                  | of mutation]
 18649 | Lair:3   | Lost mutation: You are vulnerable to heat. (rF-) [potion of
                  | mutation]
 18649 | Lair:3   | Gained mutation: You expend magic power (3 MP) to
                  | strengthen your wands. [potion of mutation]
 18649 | Lair:3   | Gained mutation: A frigid envelope surrounds you and
                  | freezes all who hurt you. [potion of mutation]
 18650 | Lair:3   | Lost mutation: A frigid envelope surrounds you and freezes
                  | all who hurt you. [potion of mutation]
 18650 | Lair:3   | Lost mutation: You expend magic power (3 MP) to strengthen
                  | your wands. [potion of mutation]
 18650 | Lair:3   | Gained mutation: You are frail. (-10% HP) [potion of
                  | mutation]
 18650 | Lair:3   | Gained mutation: Potions are less effective at restoring
                  | your health. [potion of mutation]
 18650 | Lair:3   | Gained mutation: You are agile. (Dex +4, Str/Int -1)
                  | [potion of mutation]
 18650 | Lair:3   | Gained mutation: You are partially covered in iridescent
                  | scales. (AC +2) [potion of mutation]
 18651 | Lair:3   | Lost mutation: You are frail. (-10% HP) [potion of
                  | mutation]
 18651 | Lair:3   | Lost mutation: You are partially covered in iridescent
                  | scales. (AC +2) [potion of mutation]
 18651 | Lair:3   | Gained mutation: You have a pair of large horns on your
                  | head. [potion of mutation]
 18651 | Lair:3   | Gained mutation: Your magical capacity is low. (-10% MP)
                  | [potion of mutation]
 18781 | Lair:3   | Noticed a four-headed hydra
 18792 | Lair:3   | Killed a seven-headed hydra
 19406 | Lair:3   | Found a staircase to the Shoals.
 19948 | Lair:4   | Noticed a death yak
 19948 | Lair:4   | Noticed a death yak
 19948 | Lair:4   | Noticed a death yak
 19950 | Lair:4   | Noticed a death yak
 19950 | Lair:4   | Noticed a death yak
 19950 | Lair:4   | Noticed a death yak
 19959 | Lair:3   | Killed a death yak
 20051 | Lair:4   | Noticed Josephine
 20058 | Lair:3   | Killed Josephine
 20059 | Lair:3   | Reached XP level 13. HP: 116/116 MP: 10/10
 20438 | Lair:4   | Noticed Sonja
 20494 | Lair:3   | HP: 7/174 [Sonja/+2 dagger of distortion (19)]
 20494 | Lair:3   | Mangled by Sonja

Illustrated notes

Levels and vault maps discovered:
D:1:      dpeg_arrival_rhombus, layout_basic
D:2:      wad_crossroads, layout_basic, ebering_ecumenical_altar_mist
D:3:      layout_rooms, grunt_temple_overflow_lords_of_destruction,
          hellmonk_ghost_happy_afterlife
D:4:      layout_loops_ring, minitemple, temple_fountains
D:5:      layout_loops_ring
D:6:      layout_basic, dk_rats_in_the_wall
D:7:      layout_basic, chequers_ossuary_entry_cave, uniq_crazy_yiuf_cottage,
          uniq_maggie, uniq_duvessa
D:8:      layout_gridville, lair_entry_dummy
D:9:      layout_basic
D:10:     layout_cave_pods, serial_shops, shop_fountains, serial_bayou_ford_a,
          nrook_mini_backslash, minmay_fractal_squares_gapless_5
Lair:1:   layout_long_grid, ebering_ghost_rock_garden
Lair:2:   layout_cellular_growth, nicolae_spider_entry_tight_spaces,
          ebering_ghost_funeral_grove, ice2_lemuel
Lair:3:   layout_gridlike, elwin_shoals_entry_rooms, grunt_forest_stairs_basic,
          uniq_nergalle, uniq_rupert
Lair:4:   cheibrodos_lair_river_kwai, layout_gridlike, slime_entry_1,
          eino_small_chamber_without_monster, infiniplex_staircase_pool_2,
          uniq_sonja, uniq_josephine

Skill      XL: |  1  2  3  4  5  6  7  8  9 10 11 12 |
---------------+-------------------------------------+-----
Fighting       | 4 5 6 7 8 10 11 | 11.4
Ranged Weapons | 1 2 3 4 5 6 8 9 11 13 | 13.3
Stealth        | 1 2 3 4 5 6 7 |  7.0
Axes           | 4 5 6 7 8 9 11 13 14 | 14.9
Evocations     | 1 2 4 5 6 7 |  7.5
Armour         | |  2.4
Dodging        | |  2.1

Action                   |  1- 3 |  4- 6 |  7- 9 | 10-12 | 13-15 || total
-------------------------+-------+-------+-------+-------+-------++-------
Melee: Hand axe          |    45 |       |       |       |       ||    45
       Headbutt          |     5 |    12 |    43 |    95 |     2 ||   157
       War axe           |    13 |    82 |    65 |       |       ||   160
       Battleaxe         |       |       |   182 |   428 |    19 ||   629
       Trident           |       |       |       |     7 |       ||     7
 Fire: Sling             |    68 |    52 |    95 |    13 |       ||   228
       Shortbow          |       |       |       |   141 |       ||   141
Throw: Stone             |       |       |     4 |     4 |       ||     8
       Dart              |       |       |     2 |    29 |       ||    31
       Javelin           |       |       |     1 |     7 |       ||     8
Invok: Berserk           |     2 |     1 |     9 |    15 |     3 ||    30
       Trog's Hand       |       |     1 |    14 |    20 |     1 ||    36
Evoke: Wand              |       |       |    10 |    12 |     1 ||    23
  Use: Scroll            |     6 |     3 |    11 |    15 |       ||    35
       Potion            |       |       |       |     7 |       ||     7
 Stab: Sleeping          |     2 |       |       |     1 |       ||     3
Armor: Animal skin       |    13 |       |       |       |       ||    13
       Ring mail         |     3 |    25 |       |    84 |       ||   112
       Scale mail        |       |    34 |    95 |   168 |    18 ||   315
       Chain mail        |       |       |    63 |     9 |       ||    72
Dodge: Dodged            |    44 |    47 |   166 |   268 |    32 ||   557
Block: Buckler           |     9 |    13 |     7 |       |       ||    29

Table legend: (Time is in decaauts)
 A = Elapsed time spent in this place.
 B = Non-inter-level travel time spent in this place.
 C = Inter-level travel time spent in this place.
 D = Time resting spent in this place.
 E = Time spent auto-exploring this place.
 F = Levels seen in this place.
 G = Mean time per level.
                   A        B        C        D        E       F      G
               +--------+--------+--------+--------+--------+-----+--------+
         Total |  20995 |  20529 |    466 |   7235 |   9944 |  15 | 1399.7 |
       Dungeon |  12120 |  11764 |    356 |   2949 |   6733 |  10 | 1212.0 |
          Lair |   8101 |   7992 |    109 |   3888 |   3139 |   4 | 2025.2 |
       Ossuary |    772 |    772 |      0 |    397 |     72 |   1 |  772.0 |
               +--------+--------+--------+--------+--------+-----+--------+

Top non-repeatable levels by time:
  Lair:2: 3760 daAuts
  Lair:3: 2416 daAuts
    D:10: 2080 daAuts
  Lair:1: 1901 daAuts
     D:7: 1624 daAuts
     D:8: 1516 daAuts
     D:6: 1252 daAuts
     D:9: 1177 daAuts
     D:1: 1086 daAuts
     D:4: 948 daAuts
     D:5: 941 daAuts
     D:2: 903 daAuts
 Ossuary: 772 daAuts
     D:3: 589 daAuts
  Lair:4: 23 daAuts
